 Dungeon Crawl Stone Soup version 0.19.0-2-gae57169 (webtiles) character file.

24695 Kullungy the Basher (level 12, 0/115 HPs)
             Began as a Minotaur Fighter on Nov 2, 2016.
             Was the Champion of the Shining One.
             Killed from afar by Frances (42 damage)
             ... with a shard of ice
             ... on level 13 of the Dungeon on Nov 3, 2016.
             The game lasted 01:09:35 (12472 turns).

Kullungy the Basher (Minotaur Fighter)             Turns: 12472, Time: 01:09:36

Health: 0/115      AC: 19    Str: 26    XL:     12   Next: 82%
Magic:  11/11      EV:  8    Int:  5    God:    the Shining One [******]
Gold:   804        SH: 14    Dex: 10    Spells: 0 memorised, 11 levels left

rFire  + . .     SeeInvis .     a - +1 flail
rCold  . . .     Gourm    .     N - +1 plate armour
rNeg   + + +     Faith    .     c - +1 shield
rPois  .         Spirit   .     (helmet restricted)
rElec  .         Reflect  .     C - +0 cloak
rCorr  .         Harm     +     d - +0 pair of gloves
MR     +....                    (no boots)
Stlth  ..........               Y - amulet of harm
                                T - ring of protection from fire
                                r - ring of protection from magic

@: glowing
A: retaliatory headbutt, horns 2
a: Divine Shield, Cleansing Flame, Summon Divine Warrior, Brand Weapon With Holy
Wrath, Renounce Religion


You were on level 13 of the Dungeon.
You worshipped the Shining One.
The Shining One was exalted by your worship.
You were not hungry.

You visited 2 branches of the dungeon, and saw 14 of its levels.

You collected 804 gold pieces.

Inventory:

Hand Weapons
 a - a +1 flail (weapon)
 l - the +5 pair of quick blades "Gyre" and "Gimble" {pierce, Dex-3}
   (You took it off a vampire on level 12 of the Dungeon)

   It inflicts extra damage upon your enemies.
   It affects your dexterity (-3).
 x - a +2 shortbow of velocity
 D - a +0 dire flail
 L - a +0 hunting sling of flaming
Missiles
 k - 435 stones (quivered)
 m - 121 bolts
 p - 6 needles of sleeping
 q - 3 throwing nets
 u - 24 tomahawks
 y - 65 sling bullets
Armour
 c - a +1 shield (worn)
 d - a +0 pair of gloves (worn)
 C - a +0 cloak (worn)
 N - a +1 plate armour (worn)
Jewellery
 r - a ring of protection from magic (left hand)
 T - a ring of protection from fire (right hand)
 Y - an amulet of harm (around neck)
Wands
 e - a wand of polymorph (9/24)
 i - a wand of slowing (25/48)
 I - a wand of lightning (11/15)
 R - a wand of lightning (7/15)
Scrolls
 b - a scroll of remove curse
 o - 3 scrolls of magic mapping {unknown}
 t - 3 scrolls of enchant weapon
 z - a scroll of recharging
 B - 4 scrolls of teleportation
 P - 3 scrolls of immolation {unknown}
Potions
 f - a potion of beneficial mutation {unknown}
 g - 2 potions of brilliance
 h - 3 potions of curing
 j - a potion of cancellation {unknown}
 v - 2 potions of lignification
 w - 5 potions of flight
 A - 2 potions of cure mutation
 F - a potion of might
 G - 3 potions of haste
 J - 2 potions of ambrosia
 W - 2 potions of mutation
 X - a potion of magic
Comestibles
 n - 2 meat rations
 s - 7 beef jerkies
 O - 4 bread rations
 S - 14 fruits
 V - 8 slices of pizza
 Z - a royal jelly


   Skills:
 * Level 13.1 Fighting
 + Level 14.5 Maces & Flails
 * Level 11.9 Armour
 - Level 3.0 Dodging
 + Level 1.0 Stealth
 + Level 12.3 Shields


You had 11 spell levels left.
You didn't know any spells.

Dungeon Overview and Level Annotations

Branches:
Dungeon (13/15)            Temple (1/1) D:5            Lair (0/6) D:11
    Orc (0/2) D:10
 Vaults: D:13-14

Altars:
Ashenzari
Cheibriados
Dithmenos
Elyvilon
Fedhas
Gozag
Hepliaklqana
Kikubaaqudgha
Makhleb
Nemelex Xobeh
Okawaru
Qazlal
Ru
Sif Muna
Trog
Uskayaw
Vehumet
Xom
Yredelemnul
Zin
The Shining One

Shops:
D:12 (   D:13 ?

Annotations:
D:13 Frances


Innate Abilities, Weirdness & Mutations

You reflexively headbutt those who attack you in melee.
You have a pair of horns on your head.


Message History

Frances is moderately wounded.
Frances hits you with a scimitar!!
You hit Frances but do no damage.
Frances is moderately wounded.
You hit Frances but do no damage. Your headbutt misses Frances.
Frances is moderately wounded.
Frances whispers indecipherable words.
You hit Frances but do no damage.
Frances is moderately wounded.
Frances chants phrases taken from a devil's mouth.
The iron shot hits you!
Your plate armour prevents you from hitting Frances.
Frances is moderately wounded.
Frances hits you with a scimitar! The sun demon hits you.
You are engulfed in flames.
You resist.
You completely miss Frances. Your headbutt misses Frances.
Frances is moderately wounded.
Frances chants phrases taken from a devil's mouth.
The shard of ice hits you!
You die...

#### ###...##
#########.⌠.⌠..#
.........3.∩...#
......!<..@@4..#
..........<....#
..................
............#####.
...######...# ..
#...# . #...#
#...#


You could see Frances, a sun demon and a red devil.

Vanquished Creatures
  A vampire knight (D:12)
  Harold (D:12)
  A vampire mage (D:12)
  A flayed ghost (D:11)
  Pikel (D:6)
  4 hill giants
  A deep elf mage (D:12)
  2 ugly things (D:12)
  Maurice (D:8)
  A manticore (D:12)
  Joseph (D:8)
  Psyche (D:10)
  A gargoyle (D:12)
  A freezing wraith (D:11)
  A troll (D:12)
  4 hippogriffs
  17 flying skulls (D:12)
  A wyvern (D:11)
  6 wraiths (D:11)
  6 vampires (D:12)
  Grum (D:8)
  3 fire bats (D:11)
  3 hungry ghosts
  10 yaks
  Eustachio (D:5)
  Edmund (D:6)
  A vampire mosquito (D:7)
  A water moccasin (D:9)
  3 porcupines (D:12)
  4 ice beasts
  9 orc warriors
  4 phantoms
  3 sky beasts
  3 centaurs (D:11)
  An eye of draining (D:10)
  2 wolves (D:8)
  4 ogres
  5 big kobolds
  8 bullfrogs
  A gnoll sergeant (D:7)
  3 scorpions
  5 killer bees (D:8)
  7 wights
  4 howler monkeys
  7 crimson imps
  7 human zombies (D:12)
  3 bullfrog zombies
  4 centaur zombies
  6 hounds
  4 jellies
  10 orc priests
  3 centaur skeletons
  A bullfrog skeleton (D:9)
  3 iron imps (D:4)
  Jessica (D:3)
  An iguana (D:8)
  12 orc wizards
  A hell rat (D:12)
  9 worker ants
  2 hound skeletons
  A hound zombie (D:5)
  2 worker ant zombies
  7 gnolls
  A howler monkey zombie (D:9)
  A howler monkey skeleton (D:6)
  3 river rats (D:12)
  15 adders
  4 shadow imps
  2 oozes
  A worm (D:2)
  A dart slug (D:3)
  4 leopard geckos
  70 orcs
  20 bats
  2 giant cockroaches
  5 goblins
  7 hobgoblins
  7 jackals
  27 kobolds
  A quokka (D:3)
  3 ball pythons
  A ball python skeleton (D:4)
  5 frilled lizards
  11 rats
415 creatures vanquished.

Vanquished Creatures (others)
  A howler monkey (D:12)
  A bat (D:3)
2 creatures vanquished.

Grand Total: 417 creatures vanquished

Notes
Turn   | Place    | Note
-------+----------+-------------------------------------------
     0 | D:1      | Kullungy the Minotaur Fighter began the quest for the Orb.
     0 | D:1      | Reached XP level 1. HP: 19/19 MP: 0/0
   123 | D:1      | Reached XP level 2. HP: 27/27 MP: 1/1
   889 | D:2      | Reached skill level 3 in Maces & Flails
   902 | D:2      | Found a shattered altar of Ashenzari.
   905 | D:2      | Reached XP level 3. HP: 33/33 MP: 2/2
  1021 | D:2      | Found a sparkling altar of Nemelex Xobeh.
  1599 | D:3      | Reached XP level 4. HP: 12/40 MP: 3/3
  1765 | D:3      | Found a sacrificial altar of Ru.
  1880 | D:3      | Found a shadowy altar of Dithmenos.
  2315 | D:3      | Noticed Jessica
  2329 | D:3      | Killed Jessica
  2329 | D:3      | Reached skill level 4 in Maces & Flails
  2329 | D:3      | Reached skill level 1 in Dodging
  2329 | D:3      | Reached XP level 5. HP: 44/47 MP: 4/4
  2690 | D:4      | Found a burning altar of Makhleb.
  2710 | D:4      | Reached skill level 5 in Armour
  2714 | D:4      | Reached XP level 6. HP: 33/53 MP: 5/5
  2825 | D:4      | Found a radiant altar of Vehumet.
  2943 | D:4      | Reached skill level 5 in Maces & Flails
  3282 | D:5      | Entered Level 5 of the Dungeon
  3452 | D:5      | Reached skill level 5 in Fighting
  3478 | D:5      | Found a staircase to the Ecumenical Temple.
  3500 | Temple   | Entered the Ecumenical Temple
  3582 | Temple   | Became a worshipper of the Shining One
  3703 | D:5      | Reached skill level 5 in Shields
  3703 | D:5      | Reached XP level 7. HP: 45/61 MP: 6/6
  3865 | D:5      | Noticed Eustachio
  3891 | D:5      | Killed Eustachio
  3891 | D:5      | Reached skill level 6 in Maces & Flails
  3891 | D:5      | Reached skill level 1 in Stealth
  4190 | D:5      | Upgraded the game from 0.19.0-1-g5985abe to 0.19.0-2-gae57169
  4398 | D:6      | Reached * piety under the Shining One
  4398 | D:6      | Reached skill level 7 in Maces & Flails
  4459 | D:6      | Reached XP level 8. HP: 52/69 MP: 7/7
  4547 | D:6      | Noticed Pikel
  4562 | D:6      | Killed Pikel
  4562 | D:6      | Reached skill level 8 in Maces & Flails
  4776 | D:6      | Noticed Edmund
  4787 | D:6      | Killed Edmund
  4787 | D:6      | Reached skill level 9 in Maces & Flails
  5018 | D:6      | Reached XP level 9. HP: 60/78 MP: 8/8
  5085 | D:6      | Found a stormy altar of Qazlal.
  5655 | D:7      | Reached skill level 10 in Maces & Flails
  5658 | D:7      | Reached ** piety under the Shining One
  5774 | D:7      | Found Salyaff's Book Boutique.
  6221 | D:8      | Noticed Joseph
  6236 | D:8      | Killed Joseph
  6308 | D:8      | Reached skill level 11 in Maces & Flails
  6308 | D:8      | Reached XP level 10. HP: 59/88 MP: 9/9
  6620 | D:8      | Noticed Grum
  6636 | D:8      | Killed Grum
  6750 | D:8      | Got a dull robe
  6993 | D:8      | Found a faded altar of an unknown god.
  6993 | D:8      | Found a glowing silver altar of Zin.
  7001 | D:8      | Found a faded altar of an unknown god.
  7004 | D:8      | Found a faded altar of an unknown god.
  7006 | D:8      | Found a faded altar of an unknown god.
  7073 | D:8      | Noticed Maurice
  7080 | D:8      | Killed Maurice
  7223 | D:9      | Reached skill level 10 in Shields
  7471 | D:9      | Reached *** piety under the Shining One
  7495 | D:9      | Got a polished hunting sling
  8021 | D:9      | Got an ancient glaive
  8050 | D:10     | Entered Level 10 of the Dungeon
  8219 | D:10     | Found a staircase to the Orcish Mines.
  8240 | D:10     | Reached **** piety under the Shining One
  8252 | D:10     | Reached skill level 12 in Maces & Flails
  8354 | D:10     | Noticed Psyche
  8496 | D:10     | Noticed a hill giant
  8504 | D:10     | Killed a hill giant
  8532 | D:10     | Noticed a hill giant
  8544 | D:10     | Killed a hill giant
  8548 | D:10     | Reached XP level 11. HP: 73/97 MP: 7/10
  8699 | D:10     | Killed Psyche
  8894 | D:11     | Noticed a hill giant
  8901 | D:11     | Killed a hill giant
  8901 | D:11     | Reached skill level 10 in Fighting
  9277 | D:11     | Reached skill level 13 in Maces & Flails
  9507 | D:11     | Found a staircase to the Lair.
  9638 | D:11     | Found a runed door.
  9666 | D:11     | Found an opulent altar of Gozag.
  9687 | D:11     | Found a bloodstained altar of Trog.
  9696 | D:11     | Reached ***** piety under the Shining One
  9747 | D:11     | Found an ancient bone altar of Kikubaaqudgha.
  9788 | D:11     | Noticed a flayed ghost
  9792 | D:11     | Killed a flayed ghost
  9815 | D:11     | Found a white marble altar of Elyvilon.
  9824 | D:11     | Found a shimmering altar of Xom.
  9842 | D:11     | Found a blossoming altar of Fedhas.
 10518 | D:11     | Reached skill level 10 in Armour
 10647 | D:12     | Found a white marble altar of Elyvilon.
 10689 | D:12     | Noticed a brown ugly thing
 10700 | D:12     | Killed a brown ugly thing
 10700 | D:12     | Reached XP level 12. HP: 86/110 MP: 11/11
 10847 | D:12     | Reached skill level 14 in Maces & Flails
 11001 | D:12     | Found Ecsur's Weapon Shoppe.
 11095 | D:12     | Reached ****** piety under the Shining One
 11511 | D:12     | Noticed a vampire mage
 11528 | D:12     | Noticed a vampire knight
 11531 | D:12     | Killed a vampire mage
 11543 | D:12     | Noticed Harold
 11573 | D:12     | HP: 5/113 [vampire knight/dire flail (8)]
 11773 | D:12     | Killed Harold
 11828 | D:12     | The Shining One protects you from harm!
 11837 | D:12     | Killed a vampire knight
 12142 | D:12     | Found an ancient bone altar of Kikubaaqudgha.
 12460 | D:13     | Found Luc Hiju's Magic Scroll Shop.
 12460 | D:13     | Noticed Frances
 12472 | D:13     | Killed from afar by Frances

Skill      XL: |  1  2  3  4  5  6  7  8  9 10 11 12 |
---------------+-------------------------------------+-----
Fighting       | 4 5 6 7 9 11 13 | 13.1
Armour         | 4 5 6 7 8 10 11 | 11.9
Maces & Flails | 3 4 5 7 9 11 12 13 14 | 14.5
Shields        | 4 5 6 7 9 10 11 12 | 12.3
Dodging        | 1 2 3 |  3.0
Stealth        | 1 |  1.0

Action                   |  1- 3 |  4- 6 |  7- 9 | 10-12 || total
-------------------------+-------+-------+-------+-------++-------
Melee: Flail             |    81 |   122 |   282 |   870 ||  1355
       Headbutt          |    12 |    20 |    67 |   170 ||   269
Invok: Divine Shield     |       |       |       |     2 ||     2
  Use: Scroll            |     5 |     8 |     7 |     7 ||    27
       Potion            |     1 |     1 |     3 |     6 ||    11
  Eat: Chunk             |     2 |       |       |       ||     2
       Bread ration      |       |     1 |       |     2 ||     3
       Meat ration       |       |     1 |     2 |     3 ||     6
       Fruit             |       |       |       |     1 ||     1
       Pizza             |       |       |       |     1 ||     1
Armor: Scale mail        |    41 |    58 |       |       ||    99
       Chain mail        |       |    12 |    54 |       ||    66
       Plate armour      |       |       |    98 |   296 ||   394
Dodge: Dodged            |    34 |    36 |    72 |   166 ||   308
Block: Shield            |    46 |    97 |   197 |   471 ||   811
